Map: Golden Wall LE

Players

LiquidClem (Clem) - Winner!

  • Race: Terran Terran
  • League: Grandmaster
  • Spawn Location: 7:00

ShoWTimE

  • Race: Protoss Protoss
  • League: Grandmaster
  • Spawn Location: 5:00

Event: DreamHack SC2 Masters 2020 Fall

VOD

Have the link to the VOD?

Description

Time

  • Played on: Sept. 8, 2020, 2:02 p.m.
  • Length: 9:04

All games in this series

Show
View Real Time Build Order
Export as new Build Order

LiquidClem Terran - Winner!

Build Orders: Cyclone Opening 

Get SALT Encoding   

  12  0:00  SCV  
  13  0:12  SCV  
  14  0:17  Supply Depot  
  14  0:24  SCV  
  15  0:38  SCV  
  15  0:39  Barracks  
  16  0:44  Refinery  
  16  0:50  SCV  
  16  0:53  Refinery  
  17  1:02  SCV  
  18  1:06  Supply Depot  
  18  1:14  SCV  
  19  1:26  Reaper  
  19  1:29  Orbital Command  
  20  1:42  Factory  
  20  1:55  SCV  
  20  1:59  Reaper  
  22  2:07  SCV  
  23  2:18  Command Center  
  23  2:24  SCV  
  23  2:27  Factory Tech Lab  
  24  2:33  Bunker  
  24  2:36  Marine  
  25  2:38  SCV  
  25  2:41  Engineering Bay  
  26  2:46  Cyclone  
  29  2:52  Supply Depot  
  29  2:53  SCV  
  29  2:54  Marine  
  31  3:15  Marine  
  31  3:17  Command Center  
  32  3:24  Missile Turret  
  34  3:28  Cyclone  
  34  3:33  Starport  
  34  3:35  Marine  
  34  3:41  SCV  
  36  3:46  Supply Depot  
  36  3:55  Marine  
  37  3:57  SCV  
  37  4:01  Supply Depot  
  38  4:09  Siege Tank  
  41  4:13  Marine  
  42  4:17  Viking  
  42  4:22  SCV  
  44  4:31  Orbital Command  
  44  4:35  Barracks Reactor  
  44  4:38  SCV  
  45  4:48  Siege Tank  
  45  4:52  Orbital Command  
  47  4:54  SCV  
  47  4:59  Missile Turret  
  48  5:06  SCV  
  49  5:13  Marine x2  
  51  5:18  Starport Tech Lab, SCV  
  51  5:20  Siege Tank  
  55  5:23  SCV  
  55  5:30  SCV  
  55  5:35  SCV  
  57  5:43  SCV  
  57  5:44  Supply Depot  
  57  5:45  Raven, Marine  
  57  5:46  Marine  
  57  5:48  SCV  
  63  5:51  Barracks  
  63  5:56  Supply Depot  
  63  5:57  SCV  
  63  6:00  SCV  
  65  6:04  Marine x2  
  65  6:09  SCV  
  68  6:15  SCV  
  68  6:18  Command Center  
  69  6:22  Siege Tank  
  69  6:25  Bunker, SCV  
  73  6:27  SCV  
  74  6:34  Supply Depot  
  74  6:36  Refinery  
  74  6:37  SCV  
  75  6:41  Starport Reactor  
  75  6:42  Barracks, Terran Infantry Weapons Level 1  
  75  6:43  SCV  
  75  6:46  Marine x2  
  75  6:47  Marine  
  76  6:54  Stimpack  
  76  6:59  SCV  
  77  7:02  SCV  
  77  7:04  Marine x2  
  77  7:05  Marauder  
  77  7:07  Refinery  
  79  7:11  SCV  
  79  7:15  SCV, Supply Depot  
  81  7:16  Factory Reactor  
  81  7:21  Marine  
  79  7:23  SCV  
  79  7:26  Marauder, Marine  
  79  7:27  SCV  
  81  7:32  SCV  
  81  7:35  SCV  
  81  7:36  Refinery  
  75  7:39  Marine  
  75  7:44  Marine  
  67  7:47  Orbital Command, Marine  
  67  7:49  SCV  
  66  7:54  Bunker, Widow Mine x2  
  66  7:55  Viking  
  66  7:58  Marauder  
  73  8:00  Medivac  
  73  8:01  Marine  
  76  8:10  Marine  
  76  8:11  Marauder  
  79  8:16  Widow Mine x2  
  79  8:19  Marauder  
  83  8:23  Marine  
  83  8:24  SCV  
  85  8:31  SCV  
  85  8:32  Marauder  
  85  8:33  Marine  
  88  8:42  Engineering Bay, Widow Mine  
  88  8:43  Marine  
  88  8:44  Marine  
  92  8:50  SCV  
  91  9:00  Supply Depot  
Show
View Real Time Build Order
Export as new Build Order

ShoWTimE Protoss 

Build Orders: Zealot Archon, Dark Templar Rush 

Get SALT Encoding   

  12  0:00  Probe  
  13  0:12  Probe  
  14  0:17  Pylon  
  14  0:24  Probe (Chrono Boost)  
  15  0:36  Probe (Chrono Boost)  
  15  0:38  Gateway  
  16  0:44  Probe (Chrono Boost)  
  16  0:48  Assimilator  
  17  0:50  Probe  
  18  0:59  Assimilator  
  18  1:03  Probe  
  19  1:15  Probe  
  20  1:24  Cybernetics Core  
  20  1:27  Probe  
  21  1:34  Pylon  
  21  1:39  Probe  
  22  1:51  Probe  
  23  1:58  Adept (Chrono Boost)  
  23  2:01  Warp Gate  
  25  2:02  Twilight Council  
  25  2:10  Robotics Facility  
  25  2:18  Adept (Chrono Boost)  
  27  2:26  Gateway  
  27  2:34  Gateway  
  27  2:45  Dark Shrine  
  27  2:52  Pylon  
  27  3:11  Warp Prism (Chrono Boost)  
  27  3:30  Gateway  
  27  3:32  Gateway  
  27  3:50  Pylon  
  27  3:57  Shield Battery, Pylon  
  27  3:59  Dark Templar  
  27  4:02  Probe  
  30  4:18  Nexus  
  30  4:21  Dark Templar  
  30  4:22  Probe  
  30  4:35  Probe  
  31  4:47  Probe  
  31  4:52  Immortal (Chrono Boost)  
  32  4:59  Probe  
  37  5:05  Blink (Chrono Boost)  
  37  5:11  Probe  
  38  5:23  Probe  
  39  5:30  Probe  
  39  5:31  Stalker  
  44  5:42  Stalker  
  44  5:43  Stalker  
  44  5:48  Gateway  
  46  6:03  Pylon  
  46  6:07  Stalker x2  
  46  6:08  Stalker  
  52  6:13  Pylon  
  52  6:40  Stalker x3  
  52  6:44  Stalker  
  60  6:50  Archon  
  60  7:08  Stalker x4  
  54  7:32  Stalker x3  
  54  7:33  Stalker  
  54  7:34  Probe x2  
  44  7:56  Stalker x4  
  52  8:21  Stalker x4  
  62  8:41  Assimilator  
  62  8:45  Pylon  
  58  8:49  Zealot x2  

Tags
 
Add a new tag
Caveats
  • Supply blocks, unpowered buildings, or Contaminate may cause inaccurate times.
  • Supply counts are checked every 10 seconds.